 Dungeon Crawl Stone Soup version 0.29.0-4-gdea44cf6ec (webtiles) character file.

Game seed: 4789641579015421782

2551 qw the Cleaver (level 9, 0/79 HPs)
             Began as a Minotaur Fighter on Sept 6, 2022.
             Was an Initiate of Ru.
             Slain by a gnoll sergeant
             ... wielding a +0 trident
              (7 damage)
             ... on level 7 of the Dungeon.
             The game lasted 00:03:11 (6804 turns).

qw the Cleaver (Minotaur Fighter)                   Turns: 6804, Time: 00:03:11

Health: 0/79       AC: 17    Str: 25    XL:     9   Next: 31%
Magic:  8/8        EV:  8    Int:  5    God:    Ru [......]
Gold:   59         SH:  4    Dex: 10    Spells: 8/8 levels left

rFire   . . .      SeeInvis .   Y - +0 war axe
rCold   . . .      Faith    .   c - +0 buckler
rNeg    + . .      Spirit   .   m - +0 chain mail
rPois   .          Reflect  .   (helmet restricted)
rElec   .          Harm     .   n - +0 cloak
rCorr   .          Rampage  .   k - +0 pair of gloves
Will    .....                   a - +0 pair of boots
Stlth   ..........              (no amulet)
HPRegen 0.23/turn               h - ring of positive energy
MPRegen 0.11/turn               o - +4 ring of protection

@: no status effects
A: horns 2, retaliatory headbutt, sense surroundings 1, wild magic 1, MP-powered
wands
a: Renounce Religion


You were on level 7 of the Dungeon.
You worshipped Ru.
Ru was noncommittal.
You visited 2 branches of the dungeon, and saw 8 of its levels.

You collected 444 gold pieces.
You spent 385 gold pieces at shops.


Innate Abilities, Weirdness & Mutations

You have a pair of horns on your head.
You reflexively headbutt those who attack you in melee.
You passively map a small area around you.
Your spells are a little harder to cast, but a little more powerful.
You expend magic power (3 MP) to strengthen your wands.


   Skills:
 - Level 7.1 Fighting
 + Level 12.3 Axes
 - Level 2.6 Throwing
 - Level 5.6 Armour
 - Level 2.2 Dodging
 - Level 4.2 Shields


You had 8 spell levels left.
You didn't know any spells.
Your spell library was empty.

Inventory:

Hand Weapons
 q - a +2 flail of protection
 Y - a +0 war axe (weapon)
Missiles
 u - a boomerang (quivered)
Armour
 a - a +0 pair of boots (worn)
 c - a +0 buckler (worn)
 k - a +0 pair of gloves (worn)
 m - a +0 chain mail (worn)
 n - a +0 cloak (worn)
Jewellery
 h - a ring of positive energy (left hand)
 o - a +4 ring of protection (right hand)
Scrolls
 f - a scroll of identify
Potions
 d - 3 potions of might
 e - a potion of lignification {unknown}
 j - 4 potions of curing
 l - 2 potions of mutation
 p - a potion of attraction {unknown}
 r - 2 potions of haste
 s - a potion of resistance
 t - a potion of berserk rage {unknown}

Dungeon Overview and Level Annotations

Branches:
Dungeon (7/15)             Temple (1/1) D:6

Altars:
Ashenzari
Cheibriados
Dithmenos
Elyvilon
Gozag
Kikubaaqudgha
Makhleb
Nemelex Xobeh
Okawaru
Ru
Sif Muna
Uskayaw
Vehumet
Wu Jian
Yredelemnul
Zin
The Shining One

Shops:
D:6 !


Message History

The gnoll sergeant hits you but does no damage.
The gnoll hits you but does no damage. The gnoll sergeant closely misses you.
The gnoll hits you but does no damage. The gnoll sergeant barely misses you.
The gnoll sergeant hits you from afar with a +0 trident.
The gnoll hits you but does no damage.
The gnoll hits you from afar with a +0 spear.
The gnoll sergeant hits you from afar with a +0 trident!
6788 ||| DRINKING potion of heal wounds.
You feel much better.
The gnoll hits you from afar with a +0 spear.
You block the gnoll sergeant's attack.
The gnoll hits you from afar with a +0 spear.
You block the gnoll sergeant's attack.
The gnoll sergeant hits you but does no damage.
The gnoll barely misses you. The gnoll closely misses you.
The gnoll sergeant hits you but does no damage.
The gnoll sergeant barely misses you.
The gnoll hits you from afar with a +0 spear.
The gnoll closely misses you. The gnoll sergeant closely misses you.
You block the gnoll's attack.
The gnoll sergeant hits you from afar with a +0 trident.
The gnoll hits you but does no damage. The gnoll sergeant closely misses you.
The gnoll sergeant closely misses you. The gnoll barely misses you.
The gnoll hits you but does no damage. The gnoll sergeant closely misses you.
The gnoll barely misses you.
The gnoll sergeant hits you but does no damage.
The gnoll barely misses you.
The gnoll sergeant hits you from afar with a +0 trident.
The gnoll sergeant hits you from afar with a +0 trident!
The gnoll hits you but does no damage.
The gnoll hits you from afar with a +0 spear!
The gnoll sergeant hits you but does no damage.
The gnoll sergeant hits you from afar with a +0 trident!
The gnoll hits you but does no damage. The gnoll hits you but does no damage.
The gnoll sergeant hits you but does no damage.
The gnoll hits you but does no damage.
The gnoll sergeant hits you from afar with a +0 trident!
You die...

*
PPPPPPP.P......##
......P.P.......#
*
PPP.PPP.P.....#...
,,
P...P...P#.######


,.PPPPP.PPP.P#.# * ,....P...).P#.# PPPgPPPPPPP#.# ,P..gP.....(..# *
P.PPP@PPPPP### < P.P.(.).....P# PPPPPPPPP.PPP# , *#####..## * #.## * #.# ... *
.. ** , You could see a gnoll sergeant and a gnoll.

Vanquished Creatures
  Menkaure (D:4)
  A steam dragon (D:6)
  Edmund (D:4)
  A sky beast (D:7)
  2 black bears
  2 ogres
  4 phantoms
  2 centaurs (D:6)
  2 kobold brigands (D:3)
  2 necrophages (D:6)
  A scorpion (D:4)
  5 wights (D:7)
  2 jellies (D:6)
  5 hounds
  3 orc priests
  An iguana (D:5)
  An orc wizard (D:5)
  17 gnolls
  6 adders
  A shadow imp (D:6)
  2 worms
  3 dart slugs
  11 orcs
  10 bats
  4 endoplasms
  5 giant cockroaches
  9 goblins
  5 hobgoblins
  3 jackals (D:4)
  40 kobolds
  3 quokkas
  8 ball pythons
  5 frilled lizards
  6 rats
174 creatures vanquished.

Vanquished Creatures (others)
  5 plants (D:5)
5 creatures vanquished.

Grand Total: 179 creatures vanquished

Notes
Turn   | Place    | Note
-------+----------+-------------------------------------------
     0 | D:1      | qw the Minotaur Fighter began the quest for the Orb.
     0 | D:1      | Reached XP level 1. HP: 19/19 MP: 0/0
     0 | D:1      | 0 ||| qw: Version: 0.1-a-108-g9e35731
     0 | D:1      | 0 ||| qw: Game counter: 6371
     0 | D:1      | 0 ||| qw: Always use a shield: true
     0 | D:1      | 0 ||| qw: God list: Ru
     0 | D:1      | 0 ||| qw: Allow faded altars: false
     0 | D:1      | 0 ||| qw: Do Orc after D:15 true
     0 | D:1      | 0 ||| qw: Do second Lair branch before Depths: true
     0 | D:1      | 0 ||| qw: Lair rune preference: random
     0 | D:1      | 0 ||| qw: Plans: Normal
     0 | D:1      | 0 ||| PLANNING D:1-11
    44 | D:1      | Reached skill level 3 in Axes
   163 | D:1      | 163 ||| DROPPING +0 club.
   181 | D:1      | Reached XP level 2. HP: 26/26 MP: 1/1
   252 | D:1      | 252 ||| Stepping ~*~*~tactically~*~*~ (hiding).
   255 | D:1      | 255 ||| Stepping ~*~*~tactically~*~*~ (hiding).
   653 | D:1      | 653 ||| UPGRADING to +0 pair of gloves.
   661 | D:1      | 661 ||| READING scroll labelled QUFUHA MAYKUERGH.
   662 | D:1      | 662 ||| READING scroll labelled ECKEYBB QEOR QUO.
   753 | D:2      | Reached skill level 4 in Axes
   909 | D:2      | Found a faded altar of an unknown god.
  1127 | D:2      | Reached XP level 3. HP: 31/31 MP: 2/2
  1594 | D:2      | 1594 ||| UPGRADING to +0 cloak.
  1599 | D:2      | 1599 ||| UPGRADING to ring of positive energy.
  1600 | D:2      | 1600 ||| UPGRADING to +4 ring of protection.
  1601 | D:2      | 1601 ||| READING 2 scrolls labelled KOQUAGA HASICRAIFF.
  1602 | D:2      | 1602 ||| READING scroll labelled XUNOAM TIYWK.
  1603 | D:2      | 1603 ||| READING 2 scrolls labelled FUUTTUOCEI.
  1604 | D:2      | 1604 ||| DRINKING 2 yellow potions.
  1605 | D:2      | 1605 ||| DROPPING scroll of amnesia.
  1606 | D:2      | 1606 ||| DROPPING scroll of immolation.
  1607 | D:2      | 1607 ||| DROPPING potion of brilliance.
  1764 | D:3      | Reached skill level 5 in Axes
  1768 | D:3      | Reached skill level 1 in Dodging
  1768 | D:3      | Reached XP level 4. HP: 31/39 MP: 3/3
  1783 | D:3      | 1783 ||| FLEEEEING.
  1784 | D:3      | 1784 ||| FLEEEEING.
  1785 | D:3      | 1785 ||| FLEEEEING.
  1786 | D:3      | 1786 ||| FLEEEEING.
  1787 | D:3      | 1787 ||| FLEEEEING.
  1788 | D:3      | 1788 ||| FLEEEEING.
  1789 | D:3      | 1789 ||| FLEEEEING.
  1790 | D:3      | 1790 ||| FLEEEEING.
  1796 | D:3      | 1796 ||| FLEEEEING.
  1797 | D:3      | 1797 ||| FLEEEEING.
  1798 | D:3      | 1798 ||| FLEEEEING.
  1857 | D:3      | 1857 ||| DROPPING +0 whip.
  2119 | D:3      | Found a burning altar of Makhleb.
  2120 | D:3      | Found a glowing golden altar of the Shining One.
  2121 | D:3      | Found a shimmering blue altar of Sif Muna.
  2122 | D:3      | Found a broken altar of Ashenzari.
  2464 | D:3      | 2464 ||| Stepping ~*~*~tactically~*~*~ (stealth).
  2472 | D:3      | Reached skill level 6 in Axes
  2509 | D:3      | 2509 ||| Stepping ~*~*~tactically~*~*~ (stealth).
  2540 | D:3      | 2540 ||| Stepping ~*~*~tactically~*~*~ (stealth).
  2550 | D:3      | Reached XP level 5. HP: 45/45 MP: 4/4
  2561 | D:3      | 2561 ||| Stepping ~*~*~tactically~*~*~ (stealth).
  2564 | D:3      | 2564 ||| Stepping ~*~*~tactically~*~*~ (stealth).
  2565 | D:3      | 2565 ||| Stepping ~*~*~tactically~*~*~ (stealth).
  2568 | D:3      | 2568 ||| Stepping ~*~*~tactically~*~*~ (stealth).
  2587 | D:3      | 2587 ||| FLEEEEING.
  2588 | D:3      | 2588 ||| FLEEEEING.
  2589 | D:3      | 2589 ||| FLEEEEING.
  2590 | D:3      | 2590 ||| FLEEEEING.
  2591 | D:3      | 2591 ||| FLEEEEING.
  2592 | D:3      | 2592 ||| FLEEEEING.
  2593 | D:3      | 2593 ||| FLEEEEING.
  2646 | D:3      | 2646 ||| Stepping ~*~*~tactically~*~*~ (stealth).
  2659 | D:3      | Reached skill level 7 in Axes
  2661 | D:3      | 2661 ||| FLEEEEING.
  2664 | D:3      | 2664 ||| FLEEEEING.
  2665 | D:3      | 2665 ||| FLEEEEING.
  2666 | D:3      | 2666 ||| FLEEEEING.
  2667 | D:3      | 2667 ||| FLEEEEING.
  2668 | D:3      | 2668 ||| FLEEEEING.
  2669 | D:3      | 2669 ||| FLEEEEING.
  2670 | D:3      | 2670 ||| FLEEEEING.
  2671 | D:3      | 2671 ||| FLEEEEING.
  2672 | D:3      | 2672 ||| FLEEEEING.
  2673 | D:3      | 2673 ||| FLEEEEING.
  2674 | D:3      | 2674 ||| FLEEEEING.
  2675 | D:3      | 2675 ||| FLEEEEING.
  2676 | D:3      | 2676 ||| FLEEEEING.
  2677 | D:3      | 2677 ||| FLEEEEING.
  2681 | D:3      | 2681 ||| FLEEEEING.
  2804 | D:3      | Reached XP level 6. HP: 51/52 MP: 5/5
  2888 | D:3      | Reached skill level 8 in Axes
  3083 | D:3      | 3083 ||| Stepping ~*~*~tactically~*~*~ (stealth).
  3278 | D:3      | 3278 ||| UPGRADING to +0 chain mail.
  3288 | D:3      | 3288 ||| DROPPING +0 scale mail.
  3289 | D:3      | 3289 ||| READING scroll labelled YSHRAO UHUR.
  3290 | D:3      | 3290 ||| READING scroll labelled RIOROK IBREMM.
  3291 | D:3      | 3291 ||| DRINKING 2 sedimented purple potions.
  3315 | D:4      | Noticed Menkaure
  3321 | D:4      | Killed Menkaure
  3360 | D:4      | 3360 ||| Stepping ~*~*~tactically~*~*~ (stealth).
  3376 | D:4      | Reached skill level 9 in Axes
  3376 | D:4      | Reached XP level 7. HP: 35/59 MP: 6/6
  3572 | D:4      | Noticed Edmund
  3573 | D:4      | 3573 ||| Stepping ~*~*~tactically~*~*~ (stealth).
  3574 | D:4      | 3574 ||| Stepping ~*~*~tactically~*~*~ (stealth).
  3833 | D:4      | 3833 ||| Stepping ~*~*~tactically~*~*~ (stealth).
  3836 | D:4      | 3836 ||| Stepping ~*~*~tactically~*~*~ (stealth).
  3854 | D:4      | 3854 ||| Stepping ~*~*~tactically~*~*~ (stealth).
  3855 | D:4      | 3855 ||| Stepping ~*~*~tactically~*~*~ (stealth).
  3857 | D:4      | 3857 ||| Stepping ~*~*~tactically~*~*~ (stealth).
  3858 | D:4      | 3858 ||| Stepping ~*~*~tactically~*~*~ (stealth).
  3890 | D:4      | HP: 12/61 [Edmund/+2 flail of protection (6)]
  3891 | D:4      | HP: 4/61 [Edmund/+2 flail of protection (9)]
  3892 | D:4      | Killed Edmund
  3893 | D:4      | Reached skill level 10 in Axes
  3943 | D:4      | 3943 ||| Stepping ~*~*~tactically~*~*~ (stealth).
  3947 | D:4      | HP: 13/61 [adder (2)]
  4188 | D:4      | 4188 ||| DROPPING +0 flail.
  4284 | D:4      | Reached XP level 8. HP: 68/68 MP: 7/7
  4516 | D:4      | 4516 ||| READING scroll labelled MEIC GISKYU.
  4517 | D:4      | 4517 ||| READING scroll labelled DINAIG QAIRICI.
  4518 | D:4      | 4518 ||| DRINKING 2 fuming blue potions.
  4540 | D:5      | Entered Level 5 of the Dungeon
  4626 | D:5      | 4626 ||| Stepping ~*~*~tactically~*~*~ (stealth).
  4676 | D:5      | Reached skill level 1 in Throwing
  4691 | D:5      | 4691 ||| FLEEEEING.
  4694 | D:5      | 4694 ||| FLEEEEING.
  4695 | D:5      | 4695 ||| FLEEEEING.
  4701 | D:5      | Reached skill level 6 in Fighting
  4713 | D:5      | 4713 ||| Stepping ~*~*~tactically~*~*~ (stealth).
  4999 | D:5      | Found Cumu Torhe's Lightly-Used Armoury.
  5217 | D:5      | 5217 ||| UPGRADING to +0 pair of boots.
  5222 | D:5      | 5222 ||| DROPPING amulet of faith.
  5223 | D:5      | 5223 ||| READING scroll labelled JOLUTROTR RAGG.
  5544 | D:6      | 5544 ||| Stepping ~*~*~tactically~*~*~ (hiding).
  5551 | D:6      | Reached skill level 11 in Axes
  5670 | D:6      | Found a snail-covered altar of Cheibriados.
  5700 | D:6      | Found Obeit's Distillery.
  5730 | D:6      | 5730 ||| BUYING 2 potions of curing (66 gold).
  5730 | D:6      | Bought 2 potions of curing for 66 gold pieces
  5730 | D:6      | 5730 ||| BUYING 2 potions of heal wounds (110 gold).
  5730 | D:6      | Bought 2 potions of heal wounds for 110 gold pieces
  5730 | D:6      | 5730 ||| BUYING potion of heal wounds (55 gold).
  5730 | D:6      | Bought a potion of heal wounds for 55 gold pieces
  5730 | D:6      | 5730 ||| BUYING potion of might (44 gold).
  5730 | D:6      | Bought a potion of might for 44 gold pieces
  5730 | D:6      | 5730 ||| BUYING potion of resistance (110 gold).
  5730 | D:6      | Bought a potion of resistance for 110 gold pieces
  5813 | D:6      | 5813 ||| Stepping ~*~*~tactically~*~*~ (hiding).
  5961 | D:6      | Found a staircase to the Ecumenical Temple.
  5962 | D:6      | 5962 ||| PLANNING TEMPLE
  5962 | D:6      | 5962 ||| DRINKING 3 orange potions.
  5962 | D:6      | Gained mutation: You passively map a small area around you.
                  | [potion of mutation]
  5962 | D:6      | Gained mutation: Your spells are a little harder to cast,
                  | but a little more powerful. [potion of mutation]
  5962 | D:6      | Gained mutation: You expend magic power (3 MP) to
                  | strengthen your wands. [potion of mutation]
  5973 | Temple   | Entered the Ecumenical Temple
  5983 | Temple   | Became a worshipper of Ru the Awakened
  5984 | Temple   | 5984 ||| PLANNING D:1-11
  6070 | D:6      | 6070 ||| Stepping ~*~*~tactically~*~*~ (hiding).
  6083 | D:6      | Reached XP level 9. HP: 51/75 MP: 8/8
  6237 | D:6      | Found an opulent altar of Gozag.
  6576 | D:7      | 6576 ||| READING scroll of teleportation.
  6578 | D:7      | Found a hide-covered altar of Uskayaw.
  6578 | D:7      | Noticed a +0 dagger
  6578 | D:7      | Noticed a +0 hand axe
  6579 | D:7      | 6579 ||| Stepping ~*~*~tactically~*~*~ (hiding).
  6582 | D:7      | Reached skill level 12 in Axes
  6652 | D:7      | 6652 ||| Stepping ~*~*~tactically~*~*~ (stealth).
  6738 | D:7      | HP: 16/79 [gnoll/+0 spear[a gnoll sergeant] (4)]
  6739 | D:7      | 6739 ||| DRINKING 4 potions of heal wounds.
  6760 | D:7      | HP: 15/79 [gnoll sergeant/+0 trident (6)]
  6761 | D:7      | 6761 ||| DRINKING 3 potions of heal wounds.
  6781 | D:7      | HP: 14/79 [gnoll sergeant/+0 trident (6)]
  6782 | D:7      | 6782 ||| DRINKING 2 potions of heal wounds.
  6787 | D:7      | HP: 19/79 [gnoll sergeant/+0 trident (9)]
  6788 | D:7      | 6788 ||| DRINKING potion of heal wounds.
  6801 | D:7      | HP: 16/79 [gnoll/+0 spear[a gnoll sergeant] (7)]
  6802 | D:7      | HP: 6/79 [gnoll sergeant/+0 trident (10)]
  6804 | D:7      | Slain by a gnoll sergeant

Levels and vault maps discovered:
D:1:      lightli_molten_gateway, layout_rooms, minmay_tromino_v4_b
D:2:      layout_loops_corners, shapermc_ecumenical_altar_mp_ritualfount
D:3:      minmay_goblin_kobold_castle, layout_loops_corners,
          mainiacjoe_overflow_alcove_3
D:4:      black_bear_nest_2, layout_loops_ring, minivault_11, uniq_edmund,
          uniq_menkaure
D:5:      layout_basic, minmay_splitting_lines, minmay_shop_damaged,
          serial_bayou_lake_a
D:6:      layout_loops_ring, kennysheep_slug_shrine, grunt_gozag_statues,
          minmay_temple_entry_glass, serial_shops, nicolae_square_shop
D:7:      layout_rooms, dancing_weapons_uskayaw, serial_aquarium,
          aquarium_bridge_square [aquarium_subvault_bridge,
          aquarium_subvault_bridge, aquarium_subvault_bridge,
          aquarium_subvault_wall], aquarium_bridge_long_separate
          [aquarium_subvault_window, aquarium_subvault_wall,
          aquarium_subvault_bridge, aquarium_subvault_bridge,
          aquarium_subvault_balcony, aquarium_subvault_bridge],
          aquarium_window_fake, aquarium_window_2, aquarium_window_1,
          aquarium_view_2c, aquarium_view_2d, aquarium_balcony_1b,
          aquarium_pool_S, minmay_hedge_maze, uniq_maggie
Temple:   hellmonk_temple_rainy

Skill      XL: |  1  2  3  4  5  6  7  8  9 |
---------------+----------------------------+-----
Axes           | 3 4 5 6 7 9 10 11 12 | 12.3
Dodging        | 1 2 |  2.2
Fighting       | 4 5 6 7 |  7.1
Armour         | 4 5 |  5.6
Throwing       | 2 |  2.6
Shields        | 4 |  4.2

Action                   |  1- 3 |  4- 6 |  7- 9 || total
-------------------------+-------+-------+-------++-------
Melee: War axe           |    82 |   158 |   192 ||   432
       Headbutt          |     8 |    13 |    28 ||    49
Throw: Javelin           |       |       |    30 ||    30
       Boomerang         |       |       |     9 ||     9
  Use: Scroll            |     5 |     2 |     4 ||    11
       Potion            |     1 |     1 |     6 ||     8
Armor: Scale mail        |    42 |    76 |       ||   118
       Chain mail        |       |     7 |   177 ||   184
Dodge: Dodged            |    44 |    63 |   103 ||   210
Block: Buckler           |    13 |    24 |    55 ||    92

Table legend:
 A = Non-vault XP
 B = Vault XP
 C = Vault XP percentage of total XP
 D = Non-vault monster count
 E = Vault monster count
 F = Vault count percentage of total count
                 A         B        C        D         E       F
            +---------+---------+-------+---------+---------+-------
      Total |    2784 |     861 |  23.6 |     118 |      56 |  32.2
            +---------+---------+-------+---------+---------+-------
        D:1 |      26 |       1 |   3.7 |      15 |       1 |   6.2
        D:2 |      40 |       0 |   0.0 |      18 |       0 |   0.0
        D:3 |      88 |     394 |  81.7 |      20 |      51 |  71.8
        D:4 |     447 |     462 |  50.8 |      23 |       3 |  11.5
        D:5 |     481 |       0 |   0.0 |      16 |       0 |   0.0
        D:6 |    1139 |       4 |   0.3 |      16 |       1 |   5.9
        D:7 |     563 |       0 |   0.0 |      10 |       0 |   0.0
            +---------+---------+-------+---------+---------+-------
